 Dungeon Crawl Stone Soup version 0.27-a0-679-g77a6b55cf3 (webtiles) character file.

Game seed: 539817267850710271

32 kae the Ruffian (level 3, -3/31 HPs)
             Began as a Naga Transmuter on Mar 18, 2021.
             Slain by Terence
             ... wielding a +3 short sword
              (7 damage)
             ... on level 2 of the Dungeon.
             The game lasted 00:02:32 (1877 turns).

kae the Ruffian (Naga Transmuter)                   Turns: 1877, Time: 00:02:32

Health: -3/31      AC:  2    Str: 19    XL:     3   Next: 25%
Magic:  5/6        EV: 10    Int: 13    God:
Gold:   55         SH:  0    Dex: 11    Spells: 5/6 levels left

rFire    . . .     SeeInvis +     - Unarmed
rCold    . . .     Faith    .   (no shield)
rNeg     . . .     Spirit   .   a - +0 robe
rPois    +         Reflect  .   (helmet currently unavailable)
rElec    .         Harm     .   (no cloak)
rCorr    .         Rampage  .   (no gloves)
Will     +....                  (no barding)
Stlth    +.........             (no amulet)
HPRegen  0.10/turn              b - ring of willpower
MPRegen  0.10/turn              c - +6 ring of strength

@: short of breath, appendages (expiring), very slow
A: horns 2, AC +1, large, see invisible, deformed body, poison resistance,
slowness 2, spit poison 1, naga tail 1
a: Spit Poison, End Transformation


You were on level 2 of the Dungeon.
You had temporarily grown beastly horns.
You visited 1 branch of the dungeon, and saw 2 of its levels.

You collected 55 gold pieces.

Inventory:

Armour
 a - a +0 robe (worn)
 d - a +1 barding of flying
Jewellery
 b - a ring of willpower (right hand)
 c - a +6 ring of strength (left hand)


   Skills:
 + Level 1.3 Fighting
 + Level 1.7 Dodging
 * Level 3.4 Unarmed Combat
 + Level 2.2 Spellcasting
 * Level 2.5 Transmutations


You had 5 spell levels left.
You knew the following spells:

 Your Spells              Type           Power      Damage    Failure   Level
a - Beastly Appendage     Tmut           16%        N/A       9%          1

Your spell library contained the following spells:

 Spells                   Type           Power      Damage    Failure   Level
 Wereblood                Tmut           8%         N/A       13%         2
 Spider Form              Tmut/Pois      2%         N/A       41%         3
 Ice Form                 Ice/Tmut       4%         N/A       82%         4
 Blade Hands              Tmut           4%         N/A       94%         5


Dungeon Overview and Level Annotations

Branches:
Dungeon (2/15)

Altars:
Uskayaw

Annotations:
D:2 Terence


Innate Abilities, Weirdness & Mutations

You have temporarily grown beastly horns.
Your serpentine skin is tough. (AC +1)
You have supernaturally acute eyesight. (SInv)
Armour fits poorly on your strangely shaped body.
Your system is resistant to poisons. (rPois)
You cover ground very slowly.
You can spit poison.
You have a snake-like lower body.


Message History

Terence barely misses you.
You hit Terence but do no damage.
Terence is lightly wounded.
You have got your breath back.
Terence closely misses you.
Casting: Beastly Appendage (safe; 9% risk of failure)
Confirm with . or Enter, or press ? or * to list all spells.
You grow a pair of large bovine horns.
Terence hits you with a +3 short sword. Terence hits you with a +3 short sword.
You hit Terence. You punch Terence.
Terence is severely wounded.
Terence hits you with a +3 short sword!
Abil: Spit Poison
Press: ? - help, Q - select action, (/) - cycle Shift-Dir - straight line, f/p - Terence
Aim: Terence, wielding a +3 short sword and wearing a +0 chain mail (severely wounded)
The splash of poison misses Terence.
Terence hits you with a +3 short sword.
* * * LOW HITPOINT WARNING * * *
Terence is nearby!
You barely miss Terence.
Terence is severely wounded.
You closely miss Terence. Your headbutt misses Terence.
Terence is severely wounded.
Terence hits you with a +3 short sword.
* * * LOW HITPOINT WARNING * * *
You hit Terence.
Terence is severely wounded.
Your transformation is almost over.
Terence barely misses you.
You can't do that yet.
You can't do that yet.
Terence is nearby!
You closely miss Terence.
Terence is severely wounded.
Terence hits you with a +3 short sword.
* * * LOW HITPOINT WARNING * * *
You hit Terence.
Terence is severely wounded.
Terence hits you with a +3 short sword!
You die...

,,,,**,,,,,,,,.........(.....#
,*****,,,,,****#.............# #
,,* *,,,,,* *#............# #
*,** **##########.......<....####
,,,** #.............#.........##
,,,,** #.............#.........#.
,,,,,*##.............###########.
,_,,,,...............# ###..
,,,,,*.........@@....# ####...#
,,,,**........######.#####....###
,,,**,.............#.).....)..)..
*,**,,.$.....@.....#.#####....###
,,,,,,...................####...#
,,,,,,.........@.......#....###..
,,,,,,..........####...#**#.,,##.
,,,,,,....8.8......#...#,,,,,,,#.
,,,,,,...........#.#...#,,,,,,,##


You could see Terence.

Vanquished Creatures
  An ooze (D:1)
  2 dart slugs (D:1)
  A giant cockroach (D:1)
  4 goblins
  4 hobgoblins
  4 jackals (D:1)
  A quokka (D:1)
  A kobold (D:1)
  2 rats (D:1)
20 creatures vanquished.

Notes
Turn   | Place    | Note
-------+----------+-------------------------------------------
     0 | D:1      | kae the Naga Transmuter began the quest for the Orb.
     0 | D:1      | Reached XP level 1. HP: 18/18 MP: 3/3
   460 | D:1      | Reached XP level 2. HP: 9/25 MP: 1/5
  1059 | D:1      | Reached XP level 3. HP: 22/31 MP: 4/6
  1567 | D:2      | Found a hide-covered altar of Uskayaw.
  1572 | D:2      | Noticed Terence
  1577 | D:2      | Identified a scroll of acquirement
  1577 | D:2      | Acquired a +1 barding of flying
  1877 | D:2      | Slain by Terence

Illustrated notes

Levels and vault maps discovered:
D:1:      dpeg_arrival_refuge, layout_basic, grunt_decor_clamped
D:2:      minmay_general_purpose_star, layout_basic, lemuel_round_altar,
          nicolae_uskayaw_dance_hall, uniq_terence

Action                   || total
-------------------------++-------
Melee: Unarmed           ||    56
       Headbutt          ||     5
       Punch             ||     1
 Cast: Beastly Appendage ||    13
 Abil: Spit Poison       ||    20
  Use: Scroll            ||     5
Armor: Robe              ||     8
Dodge: Dodged            ||    38

Table legend: (Time is in decaauts)
 A = Elapsed time spent in this place.
 B = Non-inter-level travel time spent in this place.
 C = Inter-level travel time spent in this place.
 D = Time resting spent in this place.
 E = Time spent auto-exploring this place.
 F = Levels seen in this place.
 G = Mean time per level.
                   A        B        C        D        E       F      G
               +--------+--------+--------+--------+--------+-----+--------+
         Total |   2160 |   2142 |     18 |    465 |   1453 |   2 | 1080.0 |
       Dungeon |   2160 |   2142 |     18 |    465 |   1453 |   2 | 1080.0 |
               +--------+--------+--------+--------+--------+-----+--------+

Top non-repeatable levels by time:
     D:1: 1902 daAuts
     D:2: 258 daAuts
